 Dungeon Crawl Stone Soup version 0.17.2-1-ge4368a0 (webtiles) character file.

25 rlgrobin the Sneak (level 2, -3/11 HPs)
             Began as a Felid Enchanter on Apr 19, 2017.
             Slain by a kobold
             ... wielding a +0 short sword
              (6 damage)
             ... on level 3 of the Dungeon.
             The game lasted 00:01:10 (754 turns).

rlgrobin the Sneak (Felid Enchanter)                 Turns: 754, Time: 00:01:11

Health: -3/11      AC:  1    Str:  4    XL:     2   Next: 82%
Magic:  6/6        EV: 18    Int: 16    God:
Gold:   72         SH:  0    Dex: 16    Spells: 1 memorised, 4 levels left
                                        Lives:  0   Deaths: 0

rFire  . . .     SeeInvis +       - Unarmed
rCold  . . .     Clarity  .     (armour unavailable)
rNeg   . . .     SustAt   .     (shield unavailable)
rPois  .         Gourm    .     (helmet unavailable)
rElec  .         Spirit   .     (cloak unavailable)
rCorr  .         Warding  .     (gloves unavailable)
rMut   .         Stasis   .     (boots unavailable)
MR     .....                    (no amulet)
Stlth  ++++......               (no ring)
                                (no ring)

@: quick, not resistant to hostile enchantments, stealthy
A: no armour, no weapons or thrown items, claws 1, fangs 3, see invisible,
carnivore 3, speed 1, shaggy fur 1, slow metabolism 1, sharp paws
a: no special abilities


You were on level 3 of the Dungeon.
You were completely stuffed.

You visited 1 branch of the dungeon, and saw 3 of its levels.

You collected 72 gold pieces.


Innate Abilities, Weirdness & Mutations

You cannot wear armour.
You are incapable of wielding weapons or throwing items.
You have sharp claws.
You have razor-sharp teeth.
You have supernaturally acute eyesight.
You are carnivorous and can eat meat at any time.
You cover ground quickly.
You are covered in fur (AC +1).
You have a slow metabolism.
Your sharp claws are effective at attacking unaware monsters.


   Skills:
 - Level 2.6 Dodging
 + Level 5.7 Stealth
 - Level 1.0 Unarmed Combat
 - Level 2.0 Spellcasting
 - Level 4.4 Hexes


You had 4 spell levels left.
You knew the following spells:

 Your Spells              Type           Power        Failure   Level  Hunger
Z - Corona                Hex            ###....      4%          1    #......

Inventory:

Scrolls
 c - a scroll of identify {unknown}
 d - a scroll of amnesia {unknown}
 e - a scroll of noise {unknown}
 f - a scroll of recharging {unknown}
Books
 a - a book of Maledictions

   Spells                             Type                      Level
   a - Corona                         Hexes                        1
   b - Ensorcelled Hibernation        Hexes/Ice                    2
   c - Confuse                        Hexes                        3
   d - Tukima's Dance                 Hexes                        3
   e - Dazzling Spray                 Conjuration/Hexes            3

Dungeon Overview and Level Annotations

Branches:
Dungeon (3/15)

Altars:
Ashenzari

.
▒▒▒▒▒▒▒▒▒▒▒▒▒▒....
▒.........<.......
▒.▒▒▒▒▒▒▒▒▒▒▒▒....
▒.▒.▒ . ▒.▒.▒ ▒
▒.▒.▒▒▒.▒
▒.▒.K.%.▒
▒..h...(▒
▒▒▒▒▒▒.▒▒


You could see a kobold.


Message History

No target in view!!!
No target in view!!!
No target in view!!!
There is a stone staircase leading down here!
You climb downwards!
Found 12 gold pieces!
There is a stone staircase leading up here!
You now have 72 gold pieces (gained 12)!
Found 29 stones!
A kobold comes into view! It is wielding a short sword!
Found 3 fruits!
A kobold is nearby!!!
The kobold shouts!!!
The kobold hits you with a short sword!
You take 1 damage, and have 10/11 hp!
You closely miss the kobold! You eviscerate the kobold!
The kobold is moderately wounded!
The kobold hits you with a short sword!!!
DANG * * * don't die
* * * You take 7 damage, and have 3/11 hp!
MASSIVE DAMAGE!!!!!!
You are too injured to fight recklessly!!!
You are too injured to fight recklessly!!!
You are too injured to fight recklessly!!!
You barely miss the kobold!
The kobold is moderately wounded!
The kobold hits you with a short sword!
DANG rip

Action                   || total
-------------------------++-------
Melee: Unarmed           ||    58
 Stab: Sleeping          ||     6
  Eat: Chunk             ||     4
       Meat ration       ||     1

Vault maps used:
D:1:      minmay_arrival_diagonal_passages, ashenzari_altar_1
D:2:      ecumenical_altar_2, hangedman_decor_growths
D:3:      grunt_temple_overflow_open, uniq_iyjb, uniq_grinder

Notes
Turn   | Place    | Note
--------------------------------------------------------------
     0 | D:1      | rlgrobin the Felid Enchanter began the quest for the Orb.
     0 | D:1      | Reached XP level 1. HP: 7/7 MP: 4/4
   225 | D:1      | Reached XP level 2. HP: 4/11 MP: 6/6
   364 | D:1      | Found a shattered altar of Ashenzari.
   443 | D:1      | Reached skill level 5 in Stealth
   722 | D:2      | Found a faded altar to an unknown god.
   754 | D:3      | Slain by a kobold

Vanquished Creatures
  An ooze (D:2)
  A worm (D:2)
  A giant cockroach (D:1)
  2 goblins
  3 hobgoblins (D:1)
  2 bats (D:1)
  A giant newt (D:2)
  5 kobolds (D:1)
  A rat (D:1)
17 creatures vanquished.
